 Dungeon Crawl Stone Soup version 0.30-a0-782-ge64f9170bb (webtiles) character file.

Game seed: 1812578294141338977

23 StromboliEnjoyer the Poker (level 3, 0/27 HPs)
             Began as a Human Gladiator on Mar 13, 2023.
             Slain by a gnoll
             ... wielding a +0 whip
              (6 damage)
             ... on level 2 of the Dungeon.
             The game lasted 00:05:10 (594 turns).

StromboliEnjoyer the Poker (Human Gladiator)         Turns: 594, Time: 00:05:11

Health: 0/27       AC:  5    Str: 14    XL:     3   Next: 12%
Magic:  3/3        EV: 11    Int:  8    God:
Gold:   45         SH:  7    Dex: 16    Spells: 2/2 levels left

rFire   . . .      SeeInvis .    a - +0 trident
rCold   . . .      Faith    .    f - +0 kite shield
rNeg    . . .      Spirit   .    b - +0 leather armour
rPois   .          Reflect  .    c - +0 helmet
rElec   .          Harm     .    (no cloak)
rCorr   .          Rampage  .    g - +0 pair of gloves
Will    .....                    (no boots)
Stlth   +                        (no amulet)
HPRegen 0.24/turn                (no ring)
MPRegen 0.08/turn                (no ring)

@: brilliant
A: no striking features
a: no special abilities


You were on level 2 of the Dungeon.
You visited 1 branch of the dungeon, and saw 2 of its levels.

You collected 45 gold pieces.

Inventory:

Hand Weapons
 a - a +0 trident (weapon)
Missiles
 d - 3 throwing nets (quivered)
 e - a javelin
Armour
 b - a +0 leather armour (worn)
 c - a +0 helmet (worn)
 f - a +0 kite shield (worn)
 g - a +0 pair of gloves (worn)


   Skills:
 + Level 2.0 Fighting
 + Level 3.5 Polearms
 + Level 2.2 Throwing
 + Level 0.4 Armour
 + Level 3.3 Dodging


You had 2 spell levels left.
You didn't know any spells.
Your spell library was empty.

Dungeon Overview and Level Annotations

Branches:
Dungeon (2/15)

Altars:


Message History

You now have 45 gold pieces (gained 12).
A gnoll comes into view. It is wielding a +0 flail.
The gnoll shouts!
You hear a shout!
A gnoll comes into view. It is wielding a +0 whip.
The gnoll shouts!
A gnoll comes into view. It is wielding a +0 whip.
The gnoll closely misses you.
You barely miss the gnoll.
A gnoll comes into view. It is wielding a +0 spear.
You block the gnoll's attack. x2
You hit the gnoll.
The gnoll is moderately wounded.
The gnoll hits you with a +0 flail.
You puncture the gnoll!
The gnoll is almost dead.
You block the gnoll's attack.
You closely miss the gnoll.
The gnoll is almost dead.
The gnoll hits you with a +0 flail!
You hit the gnoll.
The gnoll is moderately wounded.
The gnoll hits you with a +0 whip.
You hit the gnoll.
The gnoll is moderately wounded.
You block the gnoll's attack.
You closely miss the gnoll.
The gnoll is moderately wounded.
The gnoll hits you with a +0 whip. x2
* * * LOW HITPOINT WARNING * * *
You hit the gnoll.
The gnoll is heavily wounded.
The gnoll hits you with a +0 whip.
* * * LOW HITPOINT WARNING * * *
You aren't carrying any potions.
The gnoll attacks as you move away! The gnoll hits you but does no damage.
The gnoll attacks as you move away! You block the gnoll's attack.
You closely miss the gnoll.
The gnoll is heavily wounded.
The gnoll hits you with a +0 whip.
You die...

##################.##
#......@gg.g.g.......
#.......##########.##
#.......#..
#.......#.#
#.......#.#
#.......#.#
#....)..#.#
##########.##.#####
#........#........#


You could see 4 gnolls.

Vanquished Creatures
  A dart slug (D:1)
  An endoplasm (D:1)
  A giant cockroach (D:1)
  3 goblins (D:1)
  2 hobgoblins (D:1)
  3 ball pythons (D:1)
  2 bats (D:1)
  4 kobolds
  5 rats (D:1)
22 creatures vanquished.

Notes
Turn   | Place    | Note
-------+----------+-------------------------------------------
     0 | D:1      | StromboliEnjoyer the Human Gladiator began the quest for
                  | the Orb.
     0 | D:1      | Reached XP level 1. HP: 16/16 MP: 1/1
     2 | D:1      | Noticed an ogre
     2 | D:1      | Noticed a human
     5 | D:1      | Noticed an armataur
     5 | D:1      | Noticed a merfolk
     7 | D:1      | Noticed a formicid
     7 | D:1      | Noticed a vine stalker
    11 | D:1      | Noticed a felid
    13 | D:1      | Noticed a troll
    13 | D:1      | Noticed a vampire
    15 | D:1      | Noticed a spriggan
    15 | D:1      | Noticed a gargoyle
    17 | D:1      | Noticed a draconian
    19 | D:1      | Noticed a meteoran
    19 | D:1      | Noticed a naga
    21 | D:1      | Noticed an octopode
    21 | D:1      | Noticed a minotaur
    23 | D:1      | Noticed a tengu
    23 | D:1      | Noticed a demigod
    25 | D:1      | Noticed a demonspawn
    29 | D:1      | Noticed a tengu
    29 | D:1      | Noticed an elf
    31 | D:1      | Noticed a troll
    31 | D:1      | Noticed a spriggan
    89 | D:1      | Reached XP level 2. HP: 19/22 MP: 2/2
   215 | D:1      | weiner
   345 | D:1      | Reached XP level 3. HP: 26/27 MP: 3/3
   594 | D:2      | Slain by a gnoll

Illustrated notes

..........#..).......##.......#
..........##........####......###
.......).........................
..........#..........##.........#
..........#..........###.....##.
..........#..........# #...###
..........#..........# ##..#
.#####....#..........# #..##
#.##.##....@...## ##..#
.......##.###.......# #..#
.########.# #####.#...# #..## ..
.###.# #...# # .# .# ###.### .# .
#...# .# #.#.# .# #...# ##.>.


Turn 215 on D:1: weiner

Levels and vault maps discovered:
D:1:      kb_arrival_jail, layout_rooms, hangedman_glass_teeth
D:2:      layout_basic, basic_altar

Action                     || total
---------------------------++-------
  Melee: Trident           ||    73
    Use: Scroll            ||     2
         Potion            ||     1
 Armour: Leather armour    ||    20
  Dodge: Dodged            ||    47
  Block: Kite shield       ||    20

Table legend: (Time is in decaauts)
 A = Elapsed time spent in this place.
 B = Non-inter-level travel time spent in this place.
 C = Inter-level travel time spent in this place.
 D = Time resting spent in this place.
 E = Time spent auto-exploring this place.
 F = Levels seen in this place.
 G = Mean time per level.
                   A        B        C        D        E       F      G
               +--------+--------+--------+--------+--------+-----+--------+
         Total |    610 |    494 |    116 |      0 |    108 |   2 |  305.0 |
       Dungeon |    610 |    494 |    116 |      0 |    108 |   2 |  305.0 |
               +--------+--------+--------+--------+--------+-----+--------+

Top non-repeatable levels by time:
     D:1: 515 daAuts
     D:2: 95 daAuts
